 Dungeon Crawl Stone Soup version 0.22.1-1-ga44c0e56f4 (webtiles) character file.

43 Ivernyr the Sneak (level 3, -5/31 HPs)
             Began as a Naga Wizard on Oct 16, 2018.
             Slain by Terence
             ... wielding a +0 mace
              (7 damage)
             ... on level 3 of the Dungeon.
             The game lasted 00:08:34 (3265 turns).

Ivernyr the Sneak (Naga Wizard)                     Turns: 3265, Time: 00:08:35

Health: -5/31      AC:  2    Str:  9    XL:     3   Next: 58%
Magic:  5/8        EV: 10    Int: 19    God:
Gold:   149        SH:  2    Dex:  9    Spells: 3/9 levels left

rFire    . . .     SeeInvis +   (no weapon)
rCold    . . .     Gourm    .   (no shield)
rNeg     . . .     Faith    .   a - +0 robe
rPois    +         Spirit   .   b - +0 hat
rElec    .         Reflect  +   (no cloak)
rCorr    .         Harm     .   (no gloves)
MR       .....                  (no barding)
Stlth    ++........             e - +2 amulet of reflection
HPRegen  0.10/turn              (no ring)
MPRegen  0.11/turn              (no ring)

@: very slow
A: large, see invisible, deformed body, poison resistance, slowness 2, slow
metabolism 1, spit poison 1, AC +1
a: Spit Poison


You were on level 3 of the Dungeon.
You were not hungry.

You visited 1 branch of the dungeon, and saw 3 of its levels.

You collected 149 gold pieces.

Inventory:

Armour
 a - a +0 robe (worn)
 b - a +0 hat (worn)
Jewellery
 e - a +2 amulet of reflection (around neck)
 m - an uncursed ring of protection from magic {unknown}
Scrolls
 c - 2 scrolls of identify {unknown}
 f - 3 scrolls of remove curse {unknown}
 i - a scroll of enchant weapon {unknown}
Potions
 g - a potion of agility {unknown}
 h - a potion of invisibility {unknown}
 j - 2 potions of curing {unknown}
 k - 2 potions of might {unknown}
 l - 2 potions of haste {unknown}
Comestibles
 d - 4 rations


   Skills:
 + Level 1.1 Fighting
 - Level 1.5 Dodging
 + Level 3.7 Stealth
 * Level 3.5 Spellcasting
 + Level 1.6 Conjurations
   Level 1.0 Summonings
 - Level 1.0 Translocations


You had 3 spell levels left.
You knew the following spells:

 Your Spells              Type           Power        Failure   Level  Hunger
a - Magic Dart            Conj           #...         8%          1    None
b - Blink                 Tloc           N/A          14%         2    ##.....
c - Conjure Flame         Conj/Fire      #.......     30%         3    ###....

Your spell library contained the following spells:

 Spells                   Type           Power        Failure   Level  Hunger
 Apportation              Tloc           #.....       10%         1    None
 Summon Small Mammal      Summ           #...         10%         1    None
 Animate Skeleton         Necr           N/A          14%         1    None
 Confusing Touch          Hex            #.....       14%         1    None
 Call Imp                 Summ           #.......     14%         2    ##.....
 Slow                     Hex            #.......     22%         2    ##.....
 Mephitic Cloud           Conj/Pois/Air  #.......     34%         3    ###....


Dungeon Overview and Level Annotations

Branches:
Dungeon (3/15)

Altars:

Annotations:
D:3 Terence


Innate Abilities, Weirdness & Mutations

You cannot wear boots.
Your serpentine skin is tough. (AC +1)
You have supernaturally acute eyesight. (SInv)
Armour fits poorly on your strangely shaped body.
Your system is resistant to poisons. (rPois)
You cover ground very slowly.
You have a slow metabolism.
You can spit poison.


Message History

* * * LOW HITPOINT WARNING * * *
Cast which spell? (? or * to list)
Aiming: Magic Dart (safe; 8% risk of failure)
Press: ? - help, Shift-Dir - straight line, f - Terence
Aim: Terence, wielding a mace and wearing a scale mail The magic dart hits Terence.
Casting: Magic Dart (safe; 8% risk of failure)
Confirm with . or Enter, or press ? or * to list all spells.
Aiming: Magic Dart (safe; 8% risk of failure)
Press: ? - help, Shift-Dir - straight line, f/p - Terence
Aim: Terence, wielding a mace and wearing a scale mail The magic dart hits Terence.
Terence hits you with a mace!
* * * LOW HITPOINT WARNING * * *
Casting: Magic Dart (safe; 8% risk of failure)
Confirm with . or Enter, or press ? or * to list all spells.
Aiming: Magic Dart (safe; 8% risk of failure)
Press: ? - help, Shift-Dir - straight line, f/p - Terence
Aim: Terence, wielding a mace and wearing a scale mail The magic dart hits Terence.
Terence hits you with a mace!
You die...

### #..
#.# #.#
#@# #+#
#@# #.#
#g#
######.#
#.#
.......#
#.#
.......#
#.#
.<.....#
#.#
.......#
#.#
.......#
#.#.#


You could see Terence and a goblin.

Vanquished Creatures
  3 dart slugs
  A leopard gecko (D:2)
  2 giant cockroaches
  6 goblins
  5 hobgoblins (D:1)
  A ball python (D:1)
  3 bats (D:1)
  2 frilled lizards
  7 kobolds
  6 rats
36 creatures vanquished.

Notes
Turn   | Place    | Note
-------+----------+-------------------------------------------
     0 | D:1      | Ivernyr the Naga Wizard began the quest for the Orb.
     0 | D:1      | Reached XP level 1. HP: 15/15 MP: 4/4
   480 | D:1      | Reached XP level 2. HP: 24/24 MP: 0/6
   795 | D:1      | Learned a level 2 spell: Blink
  1350 | D:1      | Reached XP level 3. HP: 27/30 MP: 1/7
  1383 | D:1      | Learned a level 3 spell: Conjure Flame
  1954 | D:2      | Reached skill level 1 in Fighting
  3215 | D:3      | Noticed Terence
  3265 | D:3      | Slain by Terence

Skill      XL: |  1  2  3 |
---------------+----------+-----
Fighting       | 1 |  1.1
Dodging        | |  1.5
Stealth        | |  3.7
Spellcasting   | |  3.5
Conjurations   | |  1.6
Summonings     | |  1.0
Translocations | |  1.0

Action                   || total
-------------------------++-------
Melee: Unarmed           ||    26
 Cast: Magic Dart        ||    95
       Conjure Flame     ||     1
 Abil: Spit Poison       ||     1
  Eat: Chunk             ||     3
       Ration            ||     1
Armor: Robe              ||     9
Dodge: Dodged            ||    26
Block: Other             ||     5
       Reflection        ||     1
